 Dungeon Crawl Stone Soup version 0.29-a0-559-g359e09b9d1 (webtiles) character file.

Game seed: 9391321902806599914

8442 Bruhh the Fighter (level 11, -5/108 HPs)
             Began as a Naga Fighter on June 10, 2022.
             Was the Champion of Cheibriados.
             Slain by a komodo dragon (25 damage)
             ... on level 1 of the Lair of Beasts.
             The game lasted 00:14:47 (14698 turns).

Bruhh the Fighter (Naga Fighter)                   Turns: 14698, Time: 00:14:48

Health: -5/108     AC:  9    Str: 37    XL:     11   Next: 30%
Magic:  15/15      EV:  7    Int: 23    God:    Cheibriados [******]
Gold:   443        SH: 14    Dex: 33    Spells: 10/10 levels left

rFire   + . .      SeeInvis +   B - +1 flail (protect)
rCold   . . .      Faith    +   K - +0 kite shield
rNeg    . . .      Spirit   .   r - +1 scale mail {rF+}
rPois   +          Reflect  .   (no helmet)
rElec   .          Harm     .   D - scarf {shadows}
rCorr   .          Rampage  .   y - +0 pair of gloves
Will    +....                   (no barding)
Stlth   +.........              i - amulet of faith
HPRegen 0.28/turn               M - +6 ring of dexterity
MPRegen 0.14/turn               (no ring)

@: very slow
A: AC +3, large, see invisible, deformed body, poison resistance, slowness 2,
spit poison 1, naga tail 1
a: Spit Poison, Renounce Religion, Bend Time, Temporal Distortion, Slouch, Step
From Time


You were on level 1 of the Lair of Beasts.
You worshipped Cheibriados.
Cheibriados was exalted by your worship.
You visited 2 branches of the dungeon, and saw 11 of its levels.
You also visited: Sewer.

You collected 443 gold pieces.

Inventory:

Hand Weapons
 a - a +0 flail
 d - a +2 whip of draining
 A - a +2 mace of protection
 B - a +1 flail of protection (weapon)
Missiles
 n - a throwing net
Armour
 b - a +0 scale mail
 c - a +0 buckler
 e - a +0 chain mail
 r - a +1 scale mail of fire resistance (worn)
 w - a +0 plate armour
 y - a +0 pair of gloves (worn)
 D - a scarf of shadows (worn)
 K - a +0 kite shield (worn)
Jewellery
 h - an amulet of guardian spirit
 i - an amulet of faith (around neck)
 z - a ring of magical power
 M - a +6 ring of dexterity (left hand)
Wands
 k - a wand of paralysis (9)
 F - a wand of flame (17)
Scrolls
 l - a scroll of fog
 p - 10 scrolls of identify
 t - 3 scrolls of teleportation
 E - a scroll of amnesia
 G - a scroll of immolation {unknown}
 H - a scroll of enchant weapon {unknown}
 J - a scroll of poison {unknown}
 N - a scroll of noise {unknown}
Potions
 f - 7 potions of curing
 g - a potion of haste
 j - a potion of berserk rage {unknown}
 m - 2 potions of lignification {unknown}
 o - 3 potions of ambrosia
 s - 3 potions of brilliance
 u - 3 potions of magic
 v - a potion of heal wounds {unknown}
 x - a potion of mutation {unknown}
 C - 3 potions of flight {unknown}
 L - 2 potions of resistance {unknown}
 O - a potion of attraction {unknown}
Miscellaneous
 I - a box of beasts


   Skills:
 - Level 10.0 Fighting
 - Level 10.0 Maces & Flails
 - Level 2.4 Armour
 + Level 6.4 Shields
 - Level 6.5 Invocations
 + Level 6.2 Evocations


You had 10 spell levels left.
You didn't know any spells.
Your spell library contained the following spells:

 Spells                   Type           Power      Damage    Failure   Level
 Searing Ray              Conj           0%         2d4       67%         2
 Conjure Flame            Conj/Fire      0%         6-21      88%         3
 Gell's Gravitas          Tloc           0%         N/A       88%         3
 Ignite Poison            Fire/Tmut/Pois 0%         N/A       88%         3
 Lesser Beckoning         Tloc           0%         N/A       88%         3
 Teleport Other           Tloc           0%         N/A       88%         3
 Anguish                  Hex/Necr       0%         N/A       99%         4
 Hailstorm                Conj/Ice       0%         3d3       99%         4
 Ice Form                 Ice/Tmut       0%         N/A       99%         4
 Sticky Flame             Conj/Fire      0%         2d3       99%         4
 Simulacrum               Ice/Necr       0%         N/A       100%        6
 Enfeeble                 Hex            0%         N/A       100%        7
 Spellforged Servitor     Conj/Summ      0%         N/A       100%        7


Dungeon Overview and Level Annotations

Branches:
Dungeon (10/15)            Temple (0/1) D:7            Lair (1/6) D:10
    Orc (0/2) D:10          Sewer (visited)

Altars:
Ashenzari
Cheibriados
Dithmenos
Elyvilon
Gozag
Kikubaaqudgha
Nemelex Xobeh
Sif Muna
Uskayaw
Vehumet
The Shining One

Annotations:
D:10 3 runed translucent doors, exclusion: obsidian statue, Troll's ghost, journeyman DsGl


Innate Abilities, Weirdness & Mutations

Your serpentine skin is tough. (AC +3)
You have supernaturally acute eyesight. (SInv)
Armour fits poorly on your strangely shaped body.
Your system is resistant to poisons. (rPois)
You cover ground very slowly.
You can spit poison.
You have a snake-like lower body.


Message History

The bullfrog is moderately wounded.
The bullfrog hits you but does no damage. x2
You sock the bullfrog!
The bullfrog is severely wounded.
The komodo dragon hisses menacingly.
The bullfrog hits you but does no damage.
You sock the bullfrog!
You kill the bullfrog!
Cheibriados thoroughly appreciates the change of pace.
You barely miss the komodo dragon.
The komodo dragon is moderately wounded.
The komodo dragon bites you.
The komodo dragon bites you but does no damage.
You barely miss the komodo dragon.
The komodo dragon is moderately wounded.
The komodo dragon bites you!!
* * * LOW HITPOINT WARNING * * *
You hit the komodo dragon.
The komodo dragon is moderately wounded.
The komodo dragon bites you!
* * * LOW HITPOINT WARNING * * *
Unknown command.
As you read the scroll of fear, it crumbles to dust.
You assume a fearsome visage.
The bullfrog looks frightened!
The komodo dragon looks frightened! x2
Okay, then.
You feel better. You block the komodo dragon's attack.
You hit the komodo dragon.
Your weapon exudes an aura of protection.
The komodo dragon is heavily wounded.
The komodo dragon bites you but does no damage.
You barely miss the komodo dragon.
The komodo dragon is moderately wounded.
You block the komodo dragon's attack.
Aiming: Paralyse
Press: ? - help, Shift-Dir - straight line, f - komodo dragon
Aim: a komodo dragon (moderately wounded, chance to affect: 47%)
The komodo dragon resists with some effort.
The komodo dragon bites you!!
You die...

# ##÷.†....#
.#..##<.###..##
........# #..P#
.........##..##.....
.##.#...###...#.......
###P..###..##...#.. ⌠
##..##P..##..# . ..
...###...#..#.#⌠.
#..###..@...#....
#....l...#
#.#..##..#####+.
......##..#......
.......####†..F...
...P...# #....##..
.###.>.#....##
#..#....l..
....#...⌠..


You could see a komodo dragon.

Vanquished Creatures
  Pikel (D:6)
  An unseen horror (D:10)
  2 polar bears (D:10)
  2 hornets (D:8)
  4 blink frogs
  Sigmund (D:5)
  A vampire (D:10)
  8 yaks (D:10)
  A wyvern (D:8)
  An unseen horror simulacrum (D:10)
  A basilisk (Lair:1)
  2 water moccasins
  Duvessa (D:6)
  A black bear (D:5)
  5 ice beasts
  3 orc warriors
  3 wolves (D:10)
  A sky beast (D:6)
  4 centaurs
  A phantom (D:6)
  2 lemures (D:6)
  4 kobold brigands
  5 bullfrogs
  3 necrophages
  A gnoll sergeant (D:9)
  A scorpion (D:6)
  3 wights (D:10)
  Dowan (D:6)
  3 killer bees (D:8)
  An electric eel (D:10)
  7 orc priests
  2 gnoll shamans
  2 hounds
  3 jellies (Sewer)
  3 iguanas
  9 orc wizards
  16 gnolls
  4 adders
  2 river rats
  A shadow imp (D:7)
  6 white imps
  A howler monkey simulacrum (D:10)
  5 ufetubi
  4 worms
  4 dart slugs
  30 orcs
  6 endoplasms
  11 giant cockroaches
  3 goblins
  6 hobgoblins
  23 kobolds
  5 quokkas
  11 ball pythons
  6 bats
  6 frilled lizards
  8 rats
252 creatures vanquished.

Vanquished Creatures (others)
  2 fungi (Lair:1)
  7 plants (D:10)
9 creatures vanquished.

Grand Total: 261 creatures vanquished

Notes
Turn   | Place    | Note
-------+----------+-------------------------------------------
     0 | D:1      | Bruhh the Naga Fighter began the quest for the Orb.
     0 | D:1      | Reached XP level 1. HP: 21/21 MP: 1/1
   348 | D:1      | Reached XP level 2. HP: 28/28 MP: 2/2
  1027 | D:1      | Reached XP level 3. HP: 32/34 MP: 3/3
  1723 | D:2      | Reached XP level 4. HP: 12/39 MP: 4/4
  1723 | D:2      | HP: 1/37 [orc/+2 whip of draining (1)]
  2334 | D:3      | Found a snail-covered altar of Cheibriados.
  2352 | D:3      | Became a worshipper of Cheibriados the Contemplative
  2427 | D:3      | Found a glowing drain.
  2433 | Sewer    | Entered a sewer
  2510 | Sewer    | Reached * piety under Cheibriados
  2636 | Sewer    | Reached XP level 5. HP: 18/49 MP: 5/5
  2828 | Sewer    | Found a viscous altar of Jiyva.
  3060 | Sewer    | Reached ** piety under Cheibriados
  3375 | D:3      | Reached skill level 5 in Fighting
  3564 | D:3      | Reached XP level 6. HP: 61/61 MP: 6/6
  3603 | D:3      | Found a faded altar of an unknown god.
  3826 | D:4      | Reached *** piety under Cheibriados
  4570 | D:5      | Entered Level 5 of the Dungeon
  4612 | D:5      | Reached skill level 5 in Maces & Flails
  5150 | D:5      | Reached XP level 7. HP: 45/68 MP: 7/7
  5304 | D:5      | Reached **** piety under Cheibriados
  5481 | D:5      | Noticed Sigmund
  5487 | D:5      | Killed Sigmund
  5809 | D:5      | Reached XP level 8. HP: 78/78 MP: 8/8
  5950 | D:5      | Found a glowing golden altar of the Shining One.
  6463 | D:6      | Noticed Pikel
  6480 | D:6      | Killed Pikel
  6481 | D:6      | Reached XP level 9. HP: 52/90 MP: 9/9
  7059 | D:6      | Noticed Duvessa
  7059 | D:6      | Noticed Dowan
  7065 | D:6      | Killed Duvessa
  7070 | D:6      | Reached ***** piety under Cheibriados
  7077 | D:6      | Killed Dowan
  8164 | D:6      | Reached skill level 1 in Invocations
  8293 | D:7      | Found a staircase to the Ecumenical Temple.
  8728 | D:7      | Found a shadowy altar of Dithmenos.
  9711 | D:8      | Noticed a hornet
  9719 | D:8      | Killed a hornet
  9720 | D:8      | Reached skill level 10 in Fighting
  9720 | D:8      | Reached XP level 10. HP: 87/102 MP: 12/12
  9924 | D:8      | Reached ****** piety under Cheibriados
  9925 | D:8      | Reached skill level 10 in Maces & Flails
  9980 | D:8      | Identified the +1 leather armour "Byript" {Int+3}
  9994 | D:8      | Paralysed by a hornet for 1 turns
 10000 | D:8      | Reached skill level 5 in Invocations
 10932 | D:9      | Found a shimmering blue altar of Sif Muna.
 11010 | D:9      | Found a sparkling altar of Nemelex Xobeh.
 11688 | D:10     | Entered Level 10 of the Dungeon
 11721 | D:10     | Reached skill level 1 in Evocations
 12264 | D:10     | Found a staircase to the Lair.
 12593 | D:10     | Noticed an unseen horror
 12611 | D:10     | Killed an unseen horror
 12850 | D:10     | Reached skill level 5 in Shields
 12876 | D:10     | Reached XP level 11. HP: 78/108 MP: 15/15
 12892 | D:10     | Reached skill level 5 in Evocations
 13084 | D:10     | Found a white marble altar of Elyvilon.
 13567 | D:10     | Found a staircase to the Orcish Mines.
 13806 | D:10     | Found a hide-covered altar of Uskayaw.
 13853 | D:10     | Found a runed translucent gate.
 13853 | D:10     | Found a runed translucent gate.
 13853 | D:10     | Found a runed translucent gate.
 13855 | D:10     | Found an opulent altar of Gozag.
 13855 | D:10     | Noticed a fire dragon
 13856 | D:10     | Noticed an obsidian statue
 13866 | D:10     | Noticed a centaur warrior
 13866 | D:10     | Noticed Troll's ghost (journeyman DsGl)
 13890 | D:10     | Found the +8 demon blade "Leech" {vamp, Harm Drain rN+}
 13997 | D:10     | Found an ancient bone altar of Kikubaaqudgha.
 14027 | D:10     | Got Vehumet's Almanac of Combat Magic
 14072 | D:10     | Found a radiant altar of Vehumet.
 14086 | D:10     | Found a broken altar of Ashenzari.
 14223 | Lair:1   | Entered Level 1 of the Lair of Beasts
 14698 | Lair:1   | Slain by a komodo dragon

Illustrated notes

Levels and vault maps discovered:
D:1:      saegor_arrival_miasma, layout_basic, minmay_cut_off
D:2:      layout_basic
D:3:      layout_rooms, cheibriados_altar_1, gup_sewer_entry_spiral,
          ebering_ecumenical_altar_ruins, minmay_shallow_snake_nest
D:4:      layout_cave_pools, roderic_roman_lattice
D:5:      layout_rooms, mainiacjoe_overflow_alcove_1, st_stairs_5, uniq_sigmund
D:6:      layout_cave_pods, uniq_pikel, uniq_duvessa
D:7:      layout_loops_ring, nicolae_dithmenos_shadow_blocks,
          minmay_temple_entry_glassed_door, chequers_serial_rivers_small_a
D:8:      layout_loops_ring, enter_bailey_2
D:9:      layout_loops_corners, mainiacjoe_overflow_surrounded_room,
          mainiacjoe_overflow_concentric_impassable
D:10:     layout_stronghold, nicolae_uskayaw_dance_studio,
          nicolae_overflow_quartered_altars, dpeg_oklobed_lair, orc_0_dummy,
          serial_ice, serial_ice_f, serial_ice_e, serial_ice_m, serial_ice_d,
          ebering_ghost_gozag
Lair:1:   lemuel_ratsnest, layout_long_grid, serial_bayou_shore_a,
          grunt_megastairs_2

Skill      XL: |  1  2  3  4  5  6  7  8  9 10 11 |
---------------+----------------------------------+-----
Maces & Flails | 3 4 5 6 8 9 10 | 10.0
Fighting       | 4 5 6 8 10 | 10.0
Invocations    | 3 6 |  6.5
Shields        | 5 6 |  6.4
Evocations     | 4 6 |  6.2
Armour         | |  2.4

Action                   |  1- 3 |  4- 6 |  7- 9 | 10-12 || total
-------------------------+-------+-------+-------+-------++-------
Melee: Flail             |    84 |     5 |    44 |   327 ||   460
       Whip              |       |   137 |       |       ||   137
       Mace              |       |    56 |   265 |       ||   321
 Abil: Spit Poison       |     2 |       |       |       ||     2
Evoke: Wand              |       |       |       |     1 ||     1
  Use: Potion            |     4 |     4 |     4 |     1 ||    13
       Scroll            |     2 |     2 |     3 |     1 ||     8
Armor: Scale mail        |    18 |       |    61 |   243 ||   322
       Chain mail        |    49 |    34 |       |       ||    83
       Plate armour      |       |    95 |   109 |       ||   204
Dodge: Dodged            |    41 |    36 |    91 |   139 ||   307
Block: Buckler           |    23 |    60 |    87 |    44 ||   214
       Kite shield       |       |       |       |   248 ||   248

Table legend: (Time is in decaauts)
 A = Elapsed time spent in this place.
 B = Non-inter-level travel time spent in this place.
 C = Inter-level travel time spent in this place.
 D = Time resting spent in this place.
 E = Time spent auto-exploring this place.
 F = Levels seen in this place.
 G = Mean time per level.
                   A        B        C        D        E       F      G
               +--------+--------+--------+--------+--------+-----+--------+
         Total |  23525 |  22644 |    881 |   1448 |  18397 |  12 | 1960.4 |
       Dungeon |  22436 |  21556 |    880 |   1448 |  17592 |  10 | 2243.6 |
          Lair |    229 |    229 |      0 |      0 |    139 |   1 |  229.0 |
         Sewer |    859 |    859 |      0 |      0 |    665 |   1 |  859.0 |
               +--------+--------+--------+--------+--------+-----+--------+

Top non-repeatable levels by time:
    D:10: 4452 daAuts
     D:7: 2736 daAuts
     D:6: 2642 daAuts
     D:9: 2487 daAuts
     D:8: 2462 daAuts
     D:4: 1923 daAuts
     D:1: 1813 daAuts
     D:3: 1521 daAuts
     D:5: 1503 daAuts
     D:2: 893 daAuts
   Sewer: 859 daAuts
  Lair:1: 229 daAuts
